 Dungeon Crawl Stone Soup version 0.25-b1-37-g2669288c55 (webtiles) character file.

Game seed: 8566519899260885030

2781 diana the Skirmisher (level 9, -6/71 HPs)
             Began as a Demonspawn Fighter on June 6, 2020.
             Was a Priest of Okawaru.
             Killed from afar by an electric eel (9 damage)
             ... with a bolt of electricity
             ... on level 8 of the Dungeon.
             The game lasted 00:09:17 (8690 turns).

diana the Skirmisher (Demonspawn Fighter)           Turns: 8690, Time: 00:09:18

Health: -6/71      AC: 16    Str: 22    XL:     9   Next: 43%
Magic:  0/12       EV:  6    Int:  9    God:    Okawaru [***...]
Gold:   3          SH: 10    Dex: 13    Spells: 8/8 levels left

rFire    . . .     SeeInvis .   H - +1 morningstar of the Lame Duck {venom, rPois rC+ Str+2}
rCold    + + .     Gourm    .   c - +0 kite shield
rNeg     + . .     Faith    .   y - +3 chain mail {rC+}
rPois    +         Spirit   +   (no helmet)
rElec    .         Reflect  .   k - +0 cloak
rCorr    +         Harm     .   (no gloves)
MR       .....                  (no boots)
Stlth    ..........             (no amulet)
HPRegen  0.21/turn              i - ring of positive energy
MPRegen  0.13/turn              F - ring of resist corrosion

@: no status effects
A: hooves 1, slimy green scales 1, demonic guardian 2, magic shield
a: Heroism, Renounce Religion


You were on level 8 of the Dungeon.
You worshipped Okawaru.
Okawaru was most pleased with you.
You were not hungry.

You visited 2 branches of the dungeon, and saw 9 of its levels.

You collected 237 gold pieces.
You spent 234 gold pieces at shops.

Inventory:

Hand Weapons
 H - the +1 morningstar of the Lame Duck (weapon) {venom, rPois rC+ Str+2}
   (You bought it in a shop on level 8 of the Dungeon)

   It poisons the flesh of those it strikes.
   It affects your strength (+2).
   It protects you from cold.
   It protects you from poison.
Missiles
 s - a throwing net (quivered)
Armour
 c - a +0 kite shield (worn)
 k - a +0 cloak (worn)
 y - a +3 chain mail of cold resistance (worn)
Jewellery
 b - an uncursed ring of stealth
 i - a ring of positive energy (left hand)
 w - an uncursed ring of wizardry
 F - a ring of resist corrosion (right hand)
Wands
 D - a wand of polymorph (5)
 G - a wand of digging (6)
Scrolls
 a - a scroll of silence
 e - 2 scrolls of identify
 h - a scroll of blinking
 l - 2 scrolls of fear
 n - 4 scrolls of teleportation
 q - a scroll of enchant weapon
 r - a scroll of magic mapping
 v - a scroll of immolation
 z - a scroll of holy word {unknown}
Potions
 d - a potion of might
 g - a potion of lignification {unknown}
 j - 2 potions of berserk rage
 o - 2 potions of heal wounds
 t - a potion of degeneration {unknown}
 u - 2 potions of curing
 x - 3 potions of flight
 A - a potion of brilliance {unknown}
Comestibles
 f - 12 rations


   Skills:
 + Level 6.9 Fighting
 + Level 5.9 Maces & Flails
 + Level 6.3 Armour
 + Level 6.3 Shields
 + Level 4.7 Invocations


You had 8 spell levels left.
You didn't know any spells.
Your spell library contained the following spells:

 Spells                   Type           Power        Failure   Level  Hunger
 Foxfire                  Conj/Fire      #...         100%        1    ##.....
 Sting                    Tmut/Pois      #...         100%        1    ##.....
 Summon Butterflies       Summ           #.......     100%        1    ##.....
 Poisonous Vapours        Pois/Air       #.....       100%        2    ###....
 Conjure Flame            Conj/Fire      #.......     100%        3    ####...
 Ignite Poison            Fire/Tmut/Pois #.......     100%        3    ####...
 Inner Flame              Hex/Fire       #.......     100%        3    ####...
 Mephitic Cloud           Conj/Pois/Air  #.......     100%        3    ####...
 Olgreb's Toxic Radiance  Pois           #.......     100%        4    #####..
 Sticky Flame             Conj/Fire      #.......     100%        4    #####..
 Fireball                 Conj/Fire      #.........   100%        5    ######.


Dungeon Overview and Level Annotations

Branches:
Dungeon (8/15)             Temple (1/1) D:4
   Lair: D:8-11

Altars:
Ashenzari
Cheibriados
Dithmenos
Elyvilon
Fedhas
Gozag
Kikubaaqudgha
Makhleb
Nemelex Xobeh
Okawaru
Qazlal
Ru
Sif Muna
Trog
Uskayaw
Vehumet
Wu Jian
Xom
Yredelemnul
Zin
The Shining One

Shops:
D:5 (   D:8 (

Annotations:
D:8 Erica


Innate Abilities, Weirdness & Mutations

You have large cloven feet.
You are partially covered in slimy green scales. (AC +2)
A demonic guardian rushes to your aid.
When hurt, damage is shared between your health and your magic reserves.


Message History

Your sixfirhy completely misses the electric eel.
Your sixfirhy hits the electric eel!
Your sixfirhy shocks the electric eel.
The electric eel completely resists.
Your sixfirhy barely misses the electric eel.
The hound bites your soul eater.
Your soul eater hits the hound!
The hound dies!
Okawaru accepts your kill.
There is a stone staircase leading up here.
Evoke which item? (* to show all) (? for menu, Esc to quit)
Aiming: Polymorph
Press: ? - help, Shift-Dir - straight line, f - wolf
Aim: a wolf (chance to defeat MR: 46%)
Okay, then.
The wolf closely misses your sixfirhy. The wolf bites you but does no damage.
The wolf barely misses your sixfirhy.
The electric eel shoots out a bolt of lightning at you!
The bolt of electricity hits the wolf!
The bolt of electricity hits you!
* * * LOW HITPOINT WARNING * * *
The bolt of electricity hits you!
You die...

## . ##
######.
...#.....##
..........##
...........#
.......†.(@#
......3..hy#
.≈....3...h#
≈≈.≈.h;h...#
≈.≈≈≈O≈....#
≈≈≈≈≈h....##
≈≈≈≈≈..%.##
.≈.≈≈≈≈.##
...≈≈≈...


You could see a two-headed ogre, 3 wolves, 2 hounds, a killer bee, an electric
eel, a friendly soul eater (summoned) and a friendly sixfirhy (summoned).

Vanquished Creatures
  A hippogriff (D:7)
  Grinder (D:3)
  A steam dragon (D:8)
  A black bear (D:6)
  A phantom (D:5)
  2 sky beasts
  An ogre (D:8)
  2 centaurs (D:6)
  2 bullfrogs (D:7)
  A wyvern zombie (D:6)
  A water moccasin skeleton (D:7)
  A scorpion (D:4)
  A crimson imp (D:6)
  3 hounds
  Ijyb (D:5)
  3 orc priests
  A centaur skeleton (D:4)
  3 jellies
  2 iguanas
  6 orc wizards
  4 worker ants
  A killer bee zombie (D:5)
  2 howler monkey zombies (D:6)
  2 gnolls (D:5)
  6 adders
  2 oozes
  3 worms
  5 dart slugs
  8 leopard geckos
  19 orcs
  A ball python (D:1)
  2 giant cockroaches
  6 goblins
  6 hobgoblins
  4 quokkas
  8 bats
  3 frilled lizards
  5 kobolds
  A leopard gecko skeleton (D:4)
  5 rats
128 creatures vanquished.

Vanquished Creatures (collateral kills)
  Menkaure (D:5)
  A water moccasin (D:5)
  An orc warrior (D:6)
  3 centaurs
  A bullfrog (D:6)
  An electric eel (D:8)
  A hound (D:8)
  3 orc wizards (D:6)
  2 worker ants
  A gnoll (D:5)
15 creatures vanquished.

Vanquished Creatures (others)
  A human (D:3)
1 creature vanquished.

Grand Total: 144 creatures vanquished

Notes
Turn   | Place    | Note
-------+----------+-------------------------------------------
     0 | D:1      | diana the Demonspawn Fighter began the quest for the Orb.
     0 | D:1      | Reached XP level 1. HP: 18/18 MP: 1/1
   103 | D:1      | Gained mutation: You are partially covered in slimy green
                  | scales. (AC +2) [demonic ancestry]
   103 | D:1      | Reached XP level 2. HP: 20/24 MP: 2/2
   691 | D:1      | Gained mutation: You have large cloven feet. [demonic
                  | ancestry]
   691 | D:1      | Reached XP level 3. HP: 29/29 MP: 3/3
  1120 | D:2      | Found a sacrificial altar of Ru.
  1135 | D:2      | Reached XP level 4. HP: 35/35 MP: 4/4
  1281 | D:2      | Found a burning altar of Makhleb.
  1708 | D:3      | Noticed Grinder
  1728 | D:3      | Paralysed by Grinder for 5 turns
  1737 | D:3      | Killed Grinder
  1737 | D:3      | Gained mutation: A weak demonic guardian rushes to your
                  | aid. [demonic ancestry]
  1737 | D:3      | Reached XP level 5. HP: 7/42 MP: 5/5
  1737 | D:3      | Gained mutation: A demonic guardian rushes to your aid.
                  | [demonic ancestry]
  1737 | D:3      | Reached XP level 6. HP: 8/48 MP: 6/6
  2296 | D:3      | Found a blossoming altar of Fedhas.
  2386 | D:3      | Found an ancient bone altar of Kikubaaqudgha.
  2386 | D:3      | Noticed a human
  2389 | D:3      | Killed a human
  2791 | D:4      | Found a shattered altar of Ashenzari.
  3196 | D:4      | Found a stormy altar of Qazlal.
  3212 | D:4      | Found a staircase to the Ecumenical Temple.
  3294 | Temple   | Entered the Ecumenical Temple
  3775 | D:4      | Found an iron altar of Okawaru.
  3775 | D:4      | Found a white marble altar of Elyvilon.
  3781 | D:4      | Became a worshipper of Warmaster Okawaru
  3834 | D:5      | Entered Level 5 of the Dungeon
  3859 | D:5      | Found a snail-covered altar of Cheibriados.
  3879 | D:5      | Found Useuc's Antique Weapon Shop.
  3890 | D:5      | Noticed Menkaure
  3892 | D:5      | Killed Menkaure
  3892 | D:5      | Reached XP level 7. HP: 55/55 MP: 7/7
  4180 | D:5      | Reached skill level 5 in Fighting
  4574 | D:5      | Noticed Ijyb
  4662 | D:5      | Killed Ijyb
  4979 | D:5      | Reached * piety under Okawaru
  5300 | D:5      | Reached skill level 5 in Armour
  5367 | D:6      | Gained mutation: When hurt, damage is shared between your
                  | health and your magic reserves. [demonic ancestry]
  5367 | D:6      | Reached XP level 8. HP: 60/63 MP: 8/8
  5370 | D:6      | Reached skill level 5 in Shields
  5395 | D:6      | Reached ** piety under Okawaru
  5790 | D:6      | Found an iron altar of Okawaru.
  5795 | D:6      | Reached skill level 1 in Invocations
  5959 | D:6      | Reached skill level 5 in Maces & Flails
  6230 | D:6      | Found a radiant altar of Vehumet.
  6681 | D:6      | Reached *** piety under Okawaru
  7118 | D:6      | Found an ancient bone altar of Kikubaaqudgha.
  7119 | D:6      | Found a shimmering blue altar of Sif Muna.
  7122 | D:6      | Identified Sif Muna's Catalogue of Creation
  7246 | D:7      | Reached XP level 9. HP: 71/71 MP: 11/11
  8313 | D:8      | Found Peajoq's Antique Weapon Shoppe.
  8325 | D:8      | Noticed a +0 dagger
  8325 | D:8      | Noticed a +0 hand axe
  8338 | D:8      | Found a hide-covered altar of Uskayaw.
  8342 | D:8      | Bought a shimmering morningstar for 234 gold pieces
  8342 | D:8      | Identified the +1 morningstar of the Lame Duck {venom,
                  | rPois rC+ Str+2} (You bought it in a shop on level 8 of the
                  | Dungeon)
  8367 | D:8      | Noticed Erica
  8683 | D:8      | Noticed a two-headed ogre
  8690 | D:8      | HP: 3/71 [electric eel/bolt of electricity (12)]
  8690 | D:8      | Killed from afar by an electric eel

Illustrated notes

Levels and vault maps discovered:
D:1:      dpeg_arrival_tiny_g, layout_loops_ring
D:2:      layout_rooms, hangedman_ru_absence, nicolae_overflow_crystal_walls,
          minmay_misc_feat_columns
D:3:      layout_basic, fedhas_ov_isle_minmay, tgw_kikubaaqudgha, uniq_grinder
D:4:      layout_loops_ring, kennysheep_mini, gammafunk_temple_overflow_statue,
          lemuel_crystal_altar, minmay_temple_entry_poolview, first_ration
D:5:      layout_loops_corners, kennysheep_mini_moat, serial_shops,
          shop_fountains, uniq_ijyb, uniq_menkaure
D:6:      minmay_general_purpose_star, layout_loops_ring,
          grunt_temple_overflow_magic_moments, enter_ossuary_5,
          okawaru_gym_becter
D:7:      layout_basic
D:8:      layout_rooms, dancing_weapons_uskayaw, overflow_temple_1_default,
          erik_lair_island, serial_shops, shop, gammafunk_ghost_split,
          the_bakery, uniq_erica
Temple:   kb_temple_of_zot

Skill      XL: |  1  2  3  4  5  6  7  8  9 |
---------------+----------------------------+-----
Maces & Flails | 2 3 4 5 |  5.9
Armour         | 3 4 5 6 |  6.3
Shields        | 3 4 5 6 |  6.3
Fighting       | 4 5 6 |  6.9
Invocations    | 3 4 |  4.7

Action                   |  1- 3 |  4- 6 |  7- 9 || total
-------------------------+-------+-------+-------++-------
Melee: Flail             |   110 |   146 |   165 ||   421
       Kick              |     4 |    49 |   112 ||   165
       Unarmed           |       |       |     7 ||     7
       Morningstar       |       |       |   184 ||   184
  Use: Potion            |       |     3 |       ||     3
       Scroll            |       |       |    13 ||    13
  Eat: Chunk             |     1 |     7 |    14 ||    22
       Ration            |       |       |     1 ||     1
Armor: Scale mail        |    59 |    53 |    40 ||   152
       Chain mail        |       |       |   254 ||   254
Dodge: Dodged            |    26 |    37 |   120 ||   183
Block: Kite shield       |    65 |    65 |   233 ||   363
